 Dungeon Crawl Stone Soup version 0.27-a0-1193-g8631133539 (webtiles) character file.

Game seed: 186874304940619706

564 bobarctor the Magician (level 7, -8/35 (36) HPs)
             Began as a Deep Elf Hedge Wizard on May 24, 2021.
             Was a Believer of Yredelemnul.
             Shot with an arrow by a centaur (12 damage)
             ... on level 5 of the Dungeon on May 25, 2021.
             The game lasted 00:32:57 (5685 turns).

bobarctor the Magician (Deep Elf Hedge Wizard)      Turns: 5685, Time: 00:32:57

HP:   -8/35 (36)    AC:  4    Str:  7    XL:     7   Next: 10%
MP:   19/19         EV: 13    Int: 21    God:    Yredelemnul [**....]
Gold: 47            SH:  0    Dex: 14    Spells: 9/20 levels left

rFire    . . .     SeeInvis .   a - +0 dagger
rCold    . . .     Faith    .   (no shield)
rNeg     . . .     Spirit   .   b - +0 robe
rPois    .         Reflect  .   x - +1 hat
rElec    .         Harm     .   (no cloak)
rCorr    .         Rampage  .   h - +0 pair of gloves
Will     .....                  (no boots)
Stlth    ++........             u - amulet of magic regeneration
HPRegen  0.11/turn              (no ring)
MPRegen  0.41/turn              (no ring)

@: lightly drained
A: no striking features
a: Renounce Religion, Animate Remains, Recall Undead Slaves, Injury Mirror


You were on level 5 of the Dungeon.
You worshipped Yredelemnul.
Yredelemnul was pleased with you.
You visited 1 branch of the dungeon, and saw 5 of its levels.

You collected 187 gold pieces.
You spent 140 gold pieces at shops.

Inventory:

Hand Weapons
 a - a +0 dagger (weapon)
 m - a +0 vorpal scythe
 w - a +0 rapier
Missiles
 e - 13 poisoned darts (quivered)
 n - 6 boomerangs
 r - 63 arrows
 s - a throwing net
Armour
 b - a +0 robe (worn)
 c - a +0 hat
 h - a +0 pair of gloves (worn)
 i - a +0 helmet
 x - a +1 hat (worn)
Jewellery
 p - a ring of fire
 u - an amulet of magic regeneration (around neck)
Wands
 l - a wand of flame (10)
Scrolls
 q - 2 scrolls of torment
 v - a scroll of teleportation
Potions
 d - 2 potions of curing
 f - a potion of attraction
 g - a potion of invisibility {unknown}
 j - a potion of magic {unknown}
 k - a potion of cancellation
 o - 2 potions of degeneration {unknown}
 t - a potion of haste {unknown}


   Skills:
 + Level 0.3 Throwing
 + Level 3.1 Dodging
 + Level 3.2 Stealth
 * Level 7.3 Spellcasting
 + Level 3.7 Conjurations
 + Level 1.1 Summonings
 + Level 1.1 Translocations
 + Level 2.5 Air Magic
 + Level 2.0 Poison Magic
 * Level 2.2 Invocations


You had 9 spell levels left.
You knew the following spells:

 Your Spells              Type           Power      Damage    Failure   Level
a - Magic Dart            Conj           92%        1d7       1%          1
b - Blink                 Tloc           N/A        N/A       9%          2
c - Mephitic Cloud        Conj/Pois/Air  19%        N/A       9%          3
d - Conjure Flame         Conj/Fire      15%        6-21      12%         3
e - Call Imp              Summ           12%        N/A       9%          2

Your spell library contained the following spells:

 Spells                   Type           Power      Damage    Failure   Level
 Summon Small Mammal      Summ           48%        N/A       5%          1
 Freeze                   Ice            28%        1d5       9%          1
 Slow                     Hex            7%         N/A       13%         2
 Call Canine Familiar     Summ           12%        N/A       16%         3
 Summon Guardian Golem    Hex/Summ       10%        N/A       21%         3
 Frozen Ramparts          Ice            14%        1d3       26%         3
 Ozocubu's Armour         Ice            7%         N/A       26%         3
 Hailstorm                Conj/Ice       15%        3d5       36%         4
 Summon Lightning Spire   Summ/Air       15%        N/A       38%         4
 Summon Ice Beast         Ice/Summ       10%        N/A       56%         4
 Metabolic Englaciation   Hex/Ice        3%         N/A       93%         5


Dungeon Overview and Level Annotations

Branches:
Dungeon (5/15)
 Temple: D:4-7

Altars:
Ru
Yredelemnul

Shops:
D:2 [   D:4 (

Annotations:
D:5 Grinder


Message History

The centaur hits you but does no damage.
The centaur kicks you but does no damage.
The adder closely misses you.
The centaur is engulfed in noxious fumes.
The centaur appears confused.
Your magical contamination has completely faded away.
Casting: Mephitic Cloud (dangerous; 9% risk of failure)
Confirm with . or Enter, or press ? or * to list all spells.
Aiming: Magic Dart (safe; 1% risk of failure)
Press: ? - help, Shift-Dir - straight line, f - adder, p - centaur
Aim: an adder (100% to hit)
The magic dart hits the adder.
The adder is moderately wounded.
The centaur is engulfed in noxious fumes.
The centaur appears confused.
The adder closely misses you.
You barely miss the adder.
The adder is moderately wounded.
The adder barely misses you. The adder barely misses you.
The centaur misses the adder.
The centaur closely misses the adder.
The adder bites you.
* * * LOW HITPOINT WARNING * * *
The centaur asks, "Where am I?"
An orc comes into view.
It is wielding a +0 hand axe. 2 orcs and an orc priest come into view.
An orc is wielding a +0 club and quivering boomerangs of dispersal.
The orc shouts!
The orc priest shouts!
The orc misses you. The adder bites you.
* * * LOW HITPOINT WARNING * * *
The orc priest moves out of view.
An orc comes into view. It is wielding a +0 falchion.
The centaur chortles and stares into space.
Okay, then.
The orc hits you with a +0 hand axe.
* * * LOW HITPOINT WARNING * * *
Okay, then.
The centaur wields a +0 shortbow.
The centaur shoots an arrow.
The arrow hits you!
You die...
Your body rises from the dead as a mindless zombie.

......#..##...##..#...
#.c.....#...........#...
#.......#....?)$....#...
........#############...
#.............©.......##
#......................#
.......#.###.#######.#
#...<<.....#........
###@######.........#
#...o.........##....
#o#.#########.# ....
#S#...n...S.#.# ....
######.########..#.# ...$
...........n.o......##....
#######.########..#.......
#.#...........#.....
#.#.......#.#.#.....


You could see a centaur, an adder and 2 orcs.

Vanquished Creatures
  Sigmund (D:3)
  Eustachio (D:4)
  An ogre (D:4)
  A jelly (D:4)
  An iguana (D:5)
  3 adders
  An ufetubus (D:4)
  2 dart slugs
  4 orcs
  6 endoplasms
  3 giant cockroaches (D:1)
  6 goblins
  6 hobgoblins
  9 jackals
  6 kobolds
  4 quokkas
  5 ball pythons
  4 bats
  2 frilled lizards (D:2)
  A human zombie (D:4)
  A jackal zombie (D:4)
  An orc zombie (D:4)
  10 rats
79 creatures vanquished.

Vanquished Creatures (collateral kills)
  A hound skeleton (D:4)
  A dart slug (D:4)
  An orc (D:5)
  An endoplasm (D:4)
  A giant cockroach (D:4)
5 creatures vanquished.

Vanquished Creatures (others)
  A bat zombie (D:2)
  An adder zombie (D:4)
  A ball python zombie (D:3)
  A hobgoblin zombie (D:4)
  An iguana zombie (D:5)
5 creatures vanquished.

Grand Total: 89 creatures vanquished

Notes
Turn   | Place    | Note
-------+----------+-------------------------------------------
     0 | D:1      | bobarctor the Deep Elf Hedge Wizard began the quest for the
                  | Orb.
     0 | D:1      | Reached XP level 1. HP: 10/10 MP: 7/7
   224 | D:1      | Reached XP level 2. HP: 15/15 MP: 6/9
   415 | D:1      | Reached skill level 5 in Spellcasting
   646 | D:1      | Found a faded altar of an unknown god.
   662 | D:1      | Became a worshipper of Yredelemnul the Dark
   662 | D:1      | Reached * piety under Yredelemnul
  1147 | D:2      | Reached XP level 3. HP: 19/19 MP: 9/11
  1150 | D:2      | Learned a level 2 spell: Blink
  1154 | D:2      | Learned a level 3 spell: Mephitic Cloud
  1158 | D:2      | Learned a level 3 spell: Conjure Flame
  1161 | D:2      | Learned a level 2 spell: Call Imp
  1815 | D:2      | Reached ** piety under Yredelemnul
  2294 | D:2      | Found Eleigh's Antique Armour Shoppe.
  2721 | D:3      | Noticed Sigmund
  2795 | D:3      | Killed Sigmund
  2796 | D:3      | Reached skill level 6 in Spellcasting
  2796 | D:3      | Reached skill level 1 in Air Magic
  2796 | D:3      | Reached skill level 1 in Poison Magic
  2796 | D:3      | Reached skill level 1 in Invocations
  2796 | D:3      | Reached XP level 4. HP: 20/24 MP: 1/14
  2796 | D:3      | Reached XP level 5. HP: 23/28 MP: 1/15
  3947 | D:4      | Found a basalt altar of Yredelemnul.
  4012 | D:4      | Found Cofost's Antique Weapon Boutique.
  4224 | D:4      | Reached XP level 6. HP: 21/32 MP: 10/17
  4412 | D:4      | Noticed Eustachio
  4443 | D:4      | Killed Eustachio
  4444 | D:4      | Reached skill level 7 in Spellcasting
  4699 | D:4      | Your ally Eustachio died
  4705 | D:4      | Reached XP level 7. HP: 36/36 MP: 12/19
  5356 | D:2      | Bought an embroidered hat for 140 gold pieces
  5422 | D:5      | Entered Level 5 of the Dungeon
  5450 | D:5      | Noticed Grinder
  5492 | D:5      | Found a sacrificial altar of Ru.
  5552 | D:5      | Found Amuskiem's Assorted Antiques.
  5569 | D:5      | Upgraded the game from 0.27-a0-1191-g601b473118 to
                  | 0.27-a0-1193-g8631133539
  5685 | D:5      | Shot with an arrow by a centaur

Illustrated notes

Levels and vault maps discovered:
D:1:      nzn_arrival_crosshair, layout_basic, chequers_ecumenical_altar_simple
D:2:      layout_loops_ring, serial_shops, shop, minmay_box_of_dots
D:3:      layout_loops_cross, kennysheep_minor_cross, uniq_sigmund
D:4:      layout_basic, nicolae_overflow_crystal_walls, serial_shops, shop,
          minmay_distorted, uniq_eustachio
D:5:      minmay_octagon_keep, layout_basic, nicolae_ru_sacrificial_ziggurat,
          gammafunk_ghost_mausoleum, serial_shops, shop, uniq_grinder

Skill      XL: |  1  2  3  4  5  6 |
---------------+-------------------+-----
Spellcasting   | 5 6 7 |  7.3
Conjurations   | 2 3 |  3.7
Dodging        | 3 |  3.1
Stealth        | 3 |  3.2
Air Magic      | 1 2 |  2.5
Poison Magic   | 1 2 |  2.0
Invocations    | 1 2 |  2.2
Throwing       | |  0.3
Summonings     | |  1.1
Translocations | |  1.1

Action                   |  1- 3 |  4- 6 |  7- 9 || total
-------------------------+-------+-------+-------++-------
Melee: Dagger            |    54 |    11 |     7 ||    72
Throw: Dart              |     4 |     3 |       ||     7
 Cast: Magic Dart        |   101 |    79 |    15 ||   195
       Mephitic Cloud    |     4 |     3 |     8 ||    15
       Blink             |       |     1 |     3 ||     4
       Conjure Flame     |       |     1 |       ||     1
Invok: Animate Remains   |     6 |     9 |     2 ||    17
  Use: Scroll            |       |     8 |     1 ||     9
 Stab: Sleeping          |     3 |       |       ||     3
       Confused          |     2 |       |       ||     2
Armor: Robe              |    12 |     4 |     6 ||    22
Dodge: Dodged            |    44 |    21 |    12 ||    77

Table legend: (Time is in decaauts)
 A = Elapsed time spent in this place.
 B = Non-inter-level travel time spent in this place.
 C = Inter-level travel time spent in this place.
 D = Time resting spent in this place.
 E = Time spent auto-exploring this place.
 F = Levels seen in this place.
 G = Mean time per level.
                   A        B        C        D        E       F      G
               +--------+--------+--------+--------+--------+-----+--------+
         Total |   5686 |   5469 |    217 |   2050 |   2496 |   5 | 1137.2 |
       Dungeon |   5686 |   5469 |    217 |   2050 |   2496 |   5 | 1137.2 |
               +--------+--------+--------+--------+--------+-----+--------+

Top non-repeatable levels by time:
     D:4: 1814 daAuts
     D:3: 1247 daAuts
     D:2: 1246 daAuts
     D:1: 1116 daAuts
     D:5: 262 daAuts
